 Dungeon Crawl Stone Soup version 0.21-a0-331-gfb491b4 (webtiles) character file.

192067 Eptagon the Eclecticist (level 18, -3/142 HPs)
             Began as a Gnoll Wanderer on Oct 2, 2017.
             Was the Champion of Okawaru.
             Killed from afar by a merfolk aquamancer (23 damage)
             ... with a shard of ice
             ... on level 4 of the Shoals.
             The game lasted 01:46:26 (31740 turns).

Eptagon the Eclecticist (Gnoll Wanderer)           Turns: 31740, Time: 01:46:27

Health: -3/142     AC: 45    Str: 27    XL:     18   Next: 22%
Magic:  52/55      EV: 19    Int: 20    God:    Okawaru [******]
Gold:   1845       SH: 21    Dex: 17    Spells: 31/47 levels left

rFire    + . .     SeeInvis +   a - +9 sword of Zonguldrok {reap}
rCold    + . .     Gourm    .   m - +5 shield {reflect}
rNeg     . . .     Faith    .   g - +17 plate armour of Otaoq {rC+}
rPois    +         Spirit   .   b - +2 hat of the Slug {rPois Regen+ MP+9}
rElec    .         Reflect  +   x - scarf of Modesty {Regen+ MP+9 Int+2}
rCorr    .         Harm     .   j - +2 pair of gloves {Str+3}
MR       +....                  u - +1 pair of boots
Stlth    ++........             M - amulet of magic regeneration
HPRegen  0.00/turn              J - +6 ring of slaying
MPRegen  0.59/turn              Z - ring of see invisible

@: mighty, heroism, finesse, mesmerised, studying Spellcasting, very slow
A: distributed training, fangs 1, talons 1, icy blue scales 1, agile 1, blurry
vision 1, fire resistance 1, inhibited regeneration, no potion heal 1, strong
nose
}: 1/15 runes: gossamer
a: Heroism, Finesse, Renounce Religion


You were on level 4 of the Shoals.
You worshipped Okawaru.
Okawaru was exalted by your worship.
You were very hungry.

You visited 5 branches of the dungeon, and saw 31 of its levels.

You collected 2821 gold pieces.
You spent 976 gold pieces at shops.

Inventory:

Hand Weapons
 a - the +9 sword of Zonguldrok (weapon) {reap}
   (You found it on level 9 of the Dungeon)

   If a monster killed with it leaves a corpse in good enough shape, the corpse
   will be animated as a zombie friendly to the killer.
 c - a +2 demon trident of electrocution
Missiles
 q - 4 javelins of returning (quivered)
 K - 15 javelins
 P - 31 tomahawks
 U - 14 silver javelins
Armour
 b - the +2 hat of the Slug (worn) {rPois Regen+ MP+9}
   (Okawaru gifted it to you on level 3 of the Shoals)

   It protects you from poison.
   It affects your magic capacity (+9).
   It increases your rate of regeneration.
 g - the +17 plate armour of Otaoq (worn) {rC+}
   (Okawaru gifted it to you on level 1 of the Lair of Beasts)

   It protects you from cold.
 j - a +2 pair of gloves of strength (worn)
 m - a +5 shield of reflection (worn)
 u - a +1 pair of boots (worn)
 x - the scarf of Modesty (worn) {Regen+ MP+9 Int+2}
   (You acquired it on level 12 of the Dungeon)

   It affects your intelligence (+2).
   It affects your magic capacity (+9).
   It increases your rate of regeneration.
Jewellery
 h - the ring of Geme Ifu {+Fly Dex+3}
   (You found it on level 6 of the Lair of Beasts)

   [ring of dexterity]

   It affects your dexterity (+3).
   It lets you fly.
 J - a +6 ring of slaying (left hand)
 M - an amulet of magic regeneration (around neck)
 N - the ring "Zyihy" {rCorr MR++ Str+4 Dex+3}
   (You found it on level 6 of the Lair of Beasts)

   [ring of resist corrosion]

   It affects your strength (+4).
   It affects your dexterity (+3).
   It affects your resistance to hostile enchantments.
 Z - a ring of see invisible (right hand)
Wands
 A - a wand of acid (8/15)
 B - a wand of iceblast (9/15)
 D - a wand of digging (13/24)
 G - a wand of iceblast (6/15)
 H - a wand of polymorph (8/24)
 I - a wand of acid (14/15)
 W - a wand of acid (11/15)
Scrolls
 d - a scroll of summoning
 l - 4 scrolls of magic mapping
 p - 7 scrolls of teleportation
 v - 3 scrolls of blinking
 y - 2 scrolls of fog
 z - 15 scrolls of remove curse
 E - 8 scrolls of recharging
 T - a scroll of fear
Potions
 e - a potion of invisibility
 i - 3 potions of haste
 k - a potion of ambrosia
 n - 2 potions of might
 o - 2 potions of berserk rage
 r - 7 potions of curing
 s - 4 potions of brilliance
 w - 2 potions of magic
 F - 6 potions of heal wounds
 O - 3 potions of agility
 Q - 9 potions of lignification
 V - a potion of cancellation
 Y - 2 potions of resistance
Books
 S - a manual of Spellcasting
Miscellaneous
 L - a lightning rod (4/4)
 X - a fan of gales
Comestibles
 f - 20 bread rations
 t - 12 meat rations
 C - 8 fruits
 R - 2 chunks of flesh


   Skills:
 + Level 12.6(17.6) Fighting
 + Level 11.8(16.8) Short Blades
 + Level 11.8(16.8) Long Blades
 + Level 11.8(16.8) Axes
 + Level 11.8(16.8) Maces & Flails
 + Level 11.8(16.8) Polearms
 + Level 11.8(16.8) Staves
 + Level 11.8(16.8) Slings
 + Level 11.8(16.8) Bows
 + Level 11.8(16.8) Crossbows
 + Level 11.8(16.8) Throwing
 + Level 11.8(16.8) Armour
 + Level 12.1(17.1) Dodging
 + Level 13.0(18.0) Stealth
   Level 0.0 Stabbing
 + Level 12.1(17.1) Shields
   Level 0.0 Traps
 + Level 11.8(16.8) Unarmed Combat
 + Level 15.2 Spellcasting
 + Level 11.8 Conjurations
 + Level 11.8 Hexes
 + Level 11.8 Charms
 + Level 11.8 Summonings
 + Level 12.6 Necromancy
 + Level 11.8 Translocations
 + Level 11.8 Transmutations
 + Level 11.8 Fire Magic
 + Level 11.8 Ice Magic
 + Level 11.8 Air Magic
 + Level 11.8 Earth Magic
 + Level 11.8 Poison Magic
 + Level 11.8 Invocations
 + Level 11.8 Evocations


You had 31 spell levels left.
You knew the following spells:

 Your Spells              Type           Power        Failure   Level  Hunger
a - Infusion              Chrm           ####         1%          1    None
b - Spectral Weapon       Hex/Chrm       ######..     1%          3    None
c - Confuse               Hex            ######..     1%          3    None
f - Freezing Cloud        Conj/Ice/Air   ######....   26%         6    #####..
r - Regeneration          Chrm/Necr      ######....   1%          3    None


Dungeon Overview and Level Annotations

Branches:
Dungeon (15/15)            Temple (0/1) D:7            Lair (6/6) D:11
 Shoals (4/4) Lair:2       Spider (4/4) Lair:4        Slime (0/5) Lair:6
    Orc (2/2) D:12            Elf (0/3) Orc:2        Vaults (0/5) D:13
 Depths (0/5) D:15

Altars:
Ashenzari
Dithmenos
Gozag
Hepliaklqana
Makhleb
Okawaru
Qazlal
Ru
Yredelemnul
Beogh
Jiyva

Shops:
D:3 *   D:14 (   Orc:2 *[[=

Annotations:
Shoals:4 Ilsuiw


Innate Abilities, Weirdness & Mutations

Your experience applies equally to all skills.
You have very sharp teeth.
Your uncanny sense of smell can sniff out nearby items.
You have sharp toenails.
You are partially covered in icy blue scales. (AC +2)
You are agile. (Dex +2)
Scrolls take you a little longer to read.
Your flesh is heat resistant. (rF+)
You do not regenerate when monsters are visible.
Potions are less effective at restoring your health.


Message History

Your system partially rejects the healing.
You feel much better. You block the merfolk impaler's attack.
The merfolk siren chants its luring song. x2
The water elemental hits you!
* * * LOW HITPOINT WARNING * * *
The water elemental engulfs you in water!
The merfolk aquamancer hits you but does no damage.
Space bends around you.
* * * LOW HITPOINT WARNING * * *
You block the merfolk javelineer's attack.
The merfolk impaler barely misses you.
Ilsuiw mumbles some strange words.
Ilsuiw blinks!
With effort, you pull free of the water engulfing you.
You gasp with relief as air once again reaches your lungs.
The merfolk siren chants its luring song. x2
You block the merfolk impaler's attack.
The merfolk aquamancer gestures at you while chanting.
The shard of ice hits you! You partially resist.
You die...

≈≈≈.. ≈.
≈≈≈≈≈..##≈≈#≈
≈≈≈≈≈≈≈≈#≈≈≈
≈≈≈≈≈≈≈≈m#≈
≈≈≈≈≈≈≈≈≈≈## ##
≈≈≈≈≈≈≈E≈≈≈##≈#≈!
≈≈≈≈≈..mm≈≈≈$≈≈≈≈
≈≈≈≈≈≈≈Em@≈≈≈≈≈≈≈
≈≈≈≈≈≈≈≈Em≈≈≈≈≈≈≈
≈≈≈≈≈≈≈Z≈≈≈≈≈≈≈≈≈
....≈≈≈≈≈≈≈≈≈≈≈≈.
......≈≈)≈≈≈≈≈≈≈≈.
.....##.≈≈≈≈m≈≈≈≈≈.
..... #.≈≈..).≈≈≈≈.
.....##.≈.###..≈≈≈≈
.........≈.# ..≈≈≈≈


You could see Ilsuiw, a merfolk impaler, a merfolk javelineer, a merfolk
aquamancer, 3 water elementals, 2 merfolk sirens and a friendly merfolk zombie.

Vanquished Creatures
  A deep elf blademaster (Shoals:2)
  The ghost of haldagan the Tortoise, an adept BaFi of Wu Jian (Spider:4)
  Agnes (Spider:3)
  A frost giant (Shoals:2)
  3 ghost moths (Spider:4)
  The ghost of dricus the Black Belt, a journeyman MfTm of Okawaru (D:13)
  2 orc warlords
  4 emperor scorpions
  2 entropy weavers (Spider:2)
  A red draconian (Shoals:2)
  2 spark wasps (Spider:4)
  A merfolk javelineer (Shoals:3)
  Josephine (D:15)
  2 merfolk impalers
  8 hydras
  5 vault guards (D:13)
  A centaur warrior (D:13)
  A death knight (D:12)
  16 two-headed ogres
  3 tengu warriors
  2 ogre magi (Orc:2)
  14 death yaks
  3 catoblepae
  An orc high priest (Orc:2)
  2 deep trolls
  5 unseen horrors
  6 sea snakes
  A deep elf archer (D:9)
  Pikel (D:9)
  A glowing orange brain (D:15)
  4 harpies (Shoals:2)
  A harpy (shapeshifter) (D:11)
  A deep elf mage (D:15)
  5 orc sorcerers
  An oklob plant (Lair:2)
  9 ugly things
  11 manticores
  7 orb spiders
  20 wolf spiders
  A moth of wrath (Spider:4)
  4 cyclopes
  10 fauns
  Joseph (D:9)
  A centaur zombie (D:13)
  3 merfolk sirens
  5 black mambas
  2 water nymphs
  A torpor snail (shapeshifter) (D:15)
  2 centaur skeletons (D:15)
  A torpor snail (Spider:3)
  A rime drake (Lair:6)
  4 gargoyles
  7 spiny frogs
  3 kobold demonologists (D:15)
  3 komodo dragons
  A freezing wraith (D:15)
  8 demonic crawlers
  A meliai (shapeshifter) (D:9)
  20 jumping spiders
  22 merfolk
  15 trolls
  A troll (shapeshifter) (D:15)
  2 tengu conjurers
  4 polar bears
  6 slime creatures
  A hornet (shapeshifter) (D:15)
  5 hornets (Spider:4)
  3 snapping turtles
  15 blink frogs
  11 dream sheep
  11 hippogriffs
  52 redbacks
  A vampire (D:13)
  Sigmund (D:2)
  3 wraiths (D:15)
  2 wyverns
  17 tarantellas
  A fire elemental (D:13)
  39 yaks
  A basilisk (Lair:3)
  A basilisk (shapeshifter) (D:14)
  3 hungry ghosts
  2 vampire mosquitoes (D:14)
  18 soldier ants
  2 wargs
  An acid dragon (D:14)
  6 porcupines
  5 water moccasins
  31 orc warriors
  4 sky beasts
  A black bear (D:10)
  2 ice beasts
  2 eyes of draining
  2 slaves (D:9)
  22 ogres
  2 phantoms
  11 centaurs
  8 crocodiles
  2 big kobolds
  Blork the orc (D:4)
  13 bullfrogs
  A scorpion (D:11)
  7 killer bees
  5 wights (D:7)
  5 howler monkeys
  8 electric eels
  6 crimson imps
  A lava snake (D:13)
  3 bullfrog zombies
  2 quasits (D:10)
  6 hounds
  5 jellies
  21 orc priests
  27 orc wizards
  2 bullfrog skeletons
  A gnoll shaman (D:7)
  Crazy Yiuf (D:3)
  32 worker ants
  Natasha (D:4)
  3 iguanas
  A hound zombie (D:11)
  2 hound skeletons (D:8)
  Robin (D:4)
  14 gnolls
  A howler monkey skeleton (D:5)
  12 adders
  4 shadow imps
  An ooze (D:4)
  An adder skeleton (D:4)
  4 worms
  A dart slug (D:1)
  8 leopard geckos
  107 orcs
  5 bats
  7 giant cockroaches
  11 hobgoblins
  6 jackals
  5 quokkas
  5 frilled lizards
  18 goblins
  A jackal skeleton (D:5)
  14 kobolds
  A quokka skeleton (D:7)
  2 quokka zombies (D:8)
  11 rats
  6 bushes
  A fungus (Lair:2)
  5 plants
  3 tentacles (Shoals:3)
978 creatures vanquished.

Vanquished Creatures (collateral kills)
  Polyphemus (Shoals:2)
  A kraken (Shoals:3)
  2 emperor scorpions
  An entropy weaver (Spider:4)
  A spark wasp (Spider:3)
  A merfolk impaler (Shoals:2)
  A hydra (Lair:5)
  A merfolk avatar (Shoals:1)
  A catoblepas (Lair:6)
  3 death yaks (Lair:5)
  A queen ant (Lair:2)
  A deep elf knight (D:13)
  A deep troll (Orc:2)
  An unseen horror (D:15)
  A harpy (Shoals:2)
  9 wolf spiders
  8 orb spiders
  2 manticores (Shoals:1)
  An orc sorcerer (Orc:1)
  A centaur zombie (D:13)
  8 fauns
  A water nymph (Shoals:1)
  A merfolk siren (Shoals:2)
  2 centaur skeletons
  A torpor snail (Spider:3)
  A spiny frog (Lair:5)
  A komodo dragon (Lair:5)
  3 demonic crawlers
  A tengu conjurer (D:13)
  7 merfolk
  A troll (D:13)
  5 jumping spiders
  3 hornets
  3 dream sheep
  3 hippogriffs
  8 tarantellas
  25 redbacks
  A shadow (D:14)
  4 yaks
  A vampire mosquito (D:14)
  3 soldier ants (Lair:2)
  A water moccasin (Lair:6)
  A porcupine (Lair:1)
  An ice beast (D:14)
  5 ogres (Orc:2)
  A phantom (D:10)
  3 wolves (Lair:5)
  2 crocodiles
  A bullfrog (Lair:5)
  A wyvern zombie (D:13)
  A killer bee (D:10)
  An electric eel (Spider:2)
  4 worker ants
  12 orcs
  A kobold (D:15)
  2 fungi
  2 plants
  A tentacle (Shoals:3)
162 creatures vanquished.

Vanquished Creatures (others)
  A ghost moth (Spider:4)
  A satyr (Shoals:4)
  A tengu warrior (D:13)
  A slave (D:9)
  A centaur skeleton (D:5)
  2 orcs
  6 fungi
  8 plants
  5 spectral weapons
  3 tentacles (Shoals:3)
29 creatures vanquished.

Grand Total: 1169 creatures vanquished

Notes
Turn   | Place    | Note
-------+----------+-------------------------------------------
     0 | D:1      | Eptagon the Gnoll Wanderer began the quest for the Orb.
     0 | D:1      | Eptagon set off with: a +2 dagger, a scroll of blinking, a potion of lignification, the Catalogue of Aid, a +0 robe, a bread ration
     0 | D:1      | Reached XP level 1. HP: 20/20 MP: 4/4
     0 | D:1      | Identified the Catalogue of Aid
    75 | D:1      | Learned a level 1 spell: Infusion
   172 | D:1      | Reached XP level 2. HP: 22/26 MP: 5/5
   360 | D:1      | Reached XP level 3. HP: 30/31 MP: 7/7
  1001 | D:2      | Noticed Sigmund
  1008 | D:2      | Killed Sigmund
  1008 | D:2      | Reached skill level 1 in Short Blades
  1008 | D:2      | Reached skill level 1 in Long Blades
  1008 | D:2      | Reached skill level 1 in Axes
  1008 | D:2      | Reached skill level 1 in Maces & Flails
  1008 | D:2      | Reached skill level 1 in Polearms
  1008 | D:2      | Reached skill level 1 in Staves
  1008 | D:2      | Reached skill level 1 in Slings
  1008 | D:2      | Reached skill level 1 in Bows
  1008 | D:2      | Reached skill level 1 in Crossbows
  1008 | D:2      | Reached skill level 1 in Throwing
  1008 | D:2      | Reached skill level 1 in Armour
  1008 | D:2      | Reached skill level 1 in Unarmed Combat
  1008 | D:2      | Reached skill level 3 in Spellcasting
  1008 | D:2      | Reached skill level 1 in Conjurations
  1008 | D:2      | Reached skill level 1 in Hexes
  1008 | D:2      | Reached skill level 1 in Charms
  1008 | D:2      | Reached skill level 1 in Summonings
  1008 | D:2      | Reached skill level 1 in Translocations
  1008 | D:2      | Reached skill level 1 in Transmutations
  1008 | D:2      | Reached skill level 1 in Fire Magic
  1008 | D:2      | Reached skill level 1 in Ice Magic
  1008 | D:2      | Reached skill level 1 in Air Magic
  1008 | D:2      | Reached skill level 1 in Earth Magic
  1008 | D:2      | Reached skill level 1 in Poison Magic
  1008 | D:2      | Reached skill level 1 in Invocations
  1008 | D:2      | Reached skill level 1 in Evocations
  1008 | D:2      | Reached XP level 4. HP: 28/38 MP: 5/8
  1008 | D:2      | Reached XP level 5. HP: 31/43 MP: 5/9
  1296 | D:2      | Found a burning altar of Makhleb.
  1300 | D:2      | Reached XP level 6. HP: 50/50 MP: 10/10
  1562 | D:3      | Learned a level 3 spell: Spectral Weapon
  1710 | D:3      | Found an opulent altar of Gozag.
  1712 | D:3      | Found Gozag's Platinum Reserve.
  1878 | D:3      | Reached skill level 5 in Fighting
  1878 | D:3      | Reached skill level 5 in Necromancy
  2152 | D:3      | Found a runed door.
  2248 | D:3      | Found an iron altar of Okawaru.
  2331 | D:3      | Became a worshipper of Warmaster Okawaru
  2459 | D:3      | Noticed Crazy Yiuf
  2468 | D:3      | Killed Crazy Yiuf
  2550 | D:4      | Noticed Blork the orc
  2711 | D:4      | Killed Blork the orc
  2711 | D:4      | Reached XP level 7. HP: 25/56 MP: 5/12
  2933 | D:4      | Noticed Robin
  2952 | D:4      | Killed Robin
  3230 | D:4      | Noticed Natasha
  3240 | D:4      | Killed Natasha
  3300 | D:4      | Reached * piety under Okawaru
  3346 | D:4      | Found a shattered altar of Ashenzari.
  3795 | D:5      | Entered Level 5 of the Dungeon
  3863 | D:5      | Reached skill level 4 in Spellcasting
  3922 | D:5      | Reached XP level 8. HP: 61/63 MP: 14/14
  4185 | D:5      | You fall through a shaft for 3 floors!
  4226 | D:8      | Reached ** piety under Okawaru
  4657 | D:8      | Found a shadowy altar of Dithmenos.
  5134 | D:7      | Reached XP level 9. HP: 68/69 MP: 9/16
  5245 | D:7      | Found a staircase to the Ecumenical Temple.
  5396 | D:7      | Noticed a two-headed ogre
  5483 | D:7      | Reached skill level 5 in Spellcasting
  5550 | D:6      | Reached skill level 5 in Dodging
  5550 | D:6      | Reached skill level 5 in Shields
  5722 | D:6      | Reached *** piety under Okawaru
  5835 | D:6      | Found a hazy altar of Hepliaklqana.
  6843 | D:7      | Reached XP level 10. HP: 69/77 MP: 18/18
  6846 | D:7      | Gained mutation: You do not regenerate when monsters are visible. [mutagenic meat]
  6847 | D:7      | Gained mutation: You are robust. (+10% HP) [mutagenic meat]
  6848 | D:7      | Gained mutation: Your flesh is cold resistant. (rC+) [mutagenic meat]
  6938 | D:7      | Killed a two-headed ogre
  6938 | D:7      | Reached **** piety under Okawaru
  6938 | D:7      | Reached skill level 5 in Short Blades
  6938 | D:7      | Reached skill level 5 in Long Blades
  6938 | D:7      | Reached skill level 5 in Axes
  6938 | D:7      | Reached skill level 5 in Maces & Flails
  6938 | D:7      | Reached skill level 5 in Polearms
  6938 | D:7      | Reached skill level 5 in Staves
  6938 | D:7      | Reached skill level 5 in Slings
  6938 | D:7      | Reached skill level 5 in Bows
  6938 | D:7      | Reached skill level 5 in Crossbows
  6938 | D:7      | Reached skill level 5 in Throwing
  6938 | D:7      | Reached skill level 5 in Armour
  6938 | D:7      | Reached skill level 5 in Unarmed Combat
  6938 | D:7      | Reached skill level 5 in Conjurations
  6938 | D:7      | Reached skill level 5 in Hexes
  6938 | D:7      | Reached skill level 5 in Charms
  6938 | D:7      | Reached skill level 5 in Summonings
  6938 | D:7      | Reached skill level 5 in Translocations
  6938 | D:7      | Reached skill level 5 in Transmutations
  6938 | D:7      | Reached skill level 5 in Fire Magic
  6938 | D:7      | Reached skill level 5 in Ice Magic
  6938 | D:7      | Reached skill level 5 in Air Magic
  6938 | D:7      | Reached skill level 5 in Earth Magic
  6938 | D:7      | Reached skill level 5 in Poison Magic
  6938 | D:7      | Reached skill level 5 in Invocations
  6938 | D:7      | Reached skill level 5 in Evocations
  7723 | D:9      | Reached skill level 6 in Spellcasting
  7747 | D:9      | Noticed Joseph
  8005 | D:9      | Killed Joseph
  8154 | D:9      | Found a basalt altar of Yredelemnul.
  8209 | D:9      | Found a stormy altar of Qazlal.
  8318 | D:9      | Reached ***** piety under Okawaru
  8431 | D:9      | Received a gift from Okawaru
  8451 | D:9      | Noticed Pikel
  8468 | D:9      | Killed Pikel
  8771 | D:9      | Found a shadowy altar of Dithmenos.
  8875 | D:9      | Reached XP level 11. HP: 30/92 MP: 20/20
  9097 | D:9      | Noticed a deep elf archer
  9108 | D:9      | Killed a deep elf archer
  9265 | D:9      | Noticed an eight-headed hydra
  9267 | D:9      | Noticed a two-headed ogre
  9326 | D:9      | Killed a two-headed ogre
  9359 | D:9      | Killed an eight-headed hydra
  9359 | D:9      | Received a gift from Okawaru
  9686 | D:9      | Found the +9 sword of Zonguldrok {reap}
 10468 | D:5      | Reached skill level 7 in Spellcasting
 11038 | D:10     | Entered Level 10 of the Dungeon
 11967 | D:11     | Noticed a cyan ugly thing
 11981 | D:11     | Killed a cyan ugly thing
 12042 | D:11     | Reached ****** piety under Okawaru
 12042 | D:11     | Received a gift from Okawaru
 12121 | D:11     | Noticed a harpy
 12129 | D:11     | Killed a harpy
 12129 | D:11     | Reached XP level 12. HP: 61/102 MP: 23/23
 12458 | D:11     | Received a gift from Okawaru
 12458 | D:11     | Reached skill level 8 in Spellcasting
 12655 | D:11     | Found a staircase to the Lair.
 13020 | Lair:1   | Entered Level 1 of the Lair of Beasts
 13020 | Lair:1   | Found a shattered altar of Ashenzari.
 13034 | Lair:1   | Received a gift from Okawaru
 13044 | Lair:1   | Got an encrusted plate armour {god gift}
 13055 | Lair:1   | Identified the +17 plate armour of Otaoq {rC+} (Okawaru gifted it to you on level 1 of the Lair of Beasts)
 14411 | Lair:2   | Found a staircase to the Shoals.
 14443 | Lair:2   | Noticed a four-headed hydra
 14449 | Lair:2   | Killed a four-headed hydra
 14585 | Lair:2   | Reached skill level 9 in Spellcasting
 14600 | Lair:2   | Noticed a queen ant
 14643 | Lair:2   | Killed a queen ant
 16113 | Lair:3   | Noticed a death yak
 16113 | Lair:3   | Noticed a death yak
 16113 | Lair:3   | Noticed a death yak
 16131 | Lair:2   | Killed a death yak
 16131 | Lair:2   | Reached XP level 13. HP: 84/111 MP: 20/26
 16137 | Lair:2   | Received a gift from Okawaru
 16143 | Lair:2   | Got a crude buckler {god gift}
 16154 | Lair:2   | Identified the +0 buckler of Pragmatism {*Corrode +Fly Str+2} (Okawaru gifted it to you on level 2 of the Lair of Beasts)
 16398 | Lair:3   | Reached skill level 10 in Stealth
 17592 | Lair:4   | Reached skill level 10 in Spellcasting
 17871 | Lair:4   | Found a hole to the Spider Nest.
 18376 | Lair:5   | Received a gift from Okawaru
 19172 | Lair:6   | Entered Level 6 of the Lair of Beasts
 19182 | Lair:6   | Received a gift from Okawaru
 19182 | Lair:6   | Reached XP level 14. HP: 81/119 MP: 25/28
 19493 | Lair:6   | Reached skill level 11 in Spellcasting
 19508 | Lair:6   | Got a smoking lead ring
 19510 | Lair:6   | Identified the ring of Geme Ifu {+Fly Dex+3} (You found it on level 6 of the Lair of Beasts)
 19577 | Lair:6   | Found a viscous altar of Jiyva.
 19578 | Lair:6   | Found a staircase to the Slime Pits.
 19649 | Lair:6   | Reached skill level 10 in Fighting
 19649 | Lair:6   | Reached skill level 10 in Necromancy
 19743 | Lair:6   | Received a gift from Okawaru
 19779 | Lair:6   | Received a gift from Okawaru
 19802 | Lair:6   | Received a gift from Okawaru
 20069 | Lair:6   | Found an iron altar of Okawaru.
 20464 | Lair:6   | Got a crude gossamer ring
 20466 | Lair:6   | Identified the ring "Zyihy" {rCorr MR++ Str+4 Dex+3} (You found it on level 6 of the Lair of Beasts)
 20918 | D:12     | Identified a scroll of acquirement
 20919 | D:12     | Got a jewelled scarf
 20930 | D:12     | Identified the scarf of Modesty {Regen+ MP+9 Int+2} (You acquired it on level 12 of the Dungeon)
 21012 | D:12     | Found a roughly hewn altar of Beogh.
 21014 | D:12     | Found a staircase to the Orcish Mines.
 21860 | Orc:1    | Entered Level 1 of the Orcish Mines
 22140 | Orc:1    | Found a roughly hewn altar of Beogh.
 22142 | Orc:1    | Noticed an orc warlord
 22151 | Orc:1    | Received a gift from Okawaru
 22162 | Orc:1    | Killed an orc warlord
 22536 | Orc:2    | Entered Level 2 of the Orcish Mines
 22711 | Orc:2    | Found a burning altar of Makhleb.
 22847 | Orc:2    | Found a staircase to the Elven Halls.
 22889 | Orc:2    | Found Aloyzi's Assorted Antiques.
 22903 | Orc:2    | Reached skill level 12 in Spellcasting
 22906 | Orc:2    | Reached XP level 15. HP: 90/128 MP: 31/31
 22915 | Orc:2    | Received a gift from Okawaru
 22921 | Orc:2    | Reached skill level 10 in Dodging
 22921 | Orc:2    | Reached skill level 10 in Shields
 22940 | Orc:2    | Found Tiurph's Armour Shoppe.
 22992 | Orc:2    | HP: 5/128 [deep troll (11)]
 23000 | Orc:2    | Got a bloodstained plate armour {god gift}
 23013 | Orc:2    | Identified the +0 plate armour "Gexalac" {Dex+6} (Okawaru gifted it to you on level 2 of the Orcish Mines)
 23152 | Orc:2    | Found Tafeacon's Jewellery Shop.
 23156 | Orc:2    | Bought a scroll of identify for 70 gold pieces
 23156 | Orc:2    | Bought a scroll labeled EXASUZX EK KINT for 35 gold pieces
 23156 | Orc:2    | Bought a scroll labeled EXASUZX EK KINT for 35 gold pieces
 23156 | Orc:2    | Bought a scroll of teleportation for 105 gold pieces
 23193 | Orc:2    | Found Ranyitont's Armour Emporium.
 23402 | Orc:2    | Bought a +0 shield of reflection for 136 gold pieces
 23428 | Orc:2    | Bought a gilded ring for 175 gold pieces
 23428 | Orc:2    | Bought a wand of acid (?/15) for 280 gold pieces
 23428 | Orc:2    | Bought a potion of might for 140 gold pieces
 23874 | D:13     | Reached skill level 10 in Short Blades
 23874 | D:13     | Reached skill level 10 in Long Blades
 23874 | D:13     | Reached skill level 10 in Axes
 23874 | D:13     | Reached skill level 10 in Maces & Flails
 23874 | D:13     | Reached skill level 10 in Polearms
 23874 | D:13     | Reached skill level 10 in Staves
 23874 | D:13     | Reached skill level 10 in Slings
 23874 | D:13     | Reached skill level 10 in Bows
 23874 | D:13     | Reached skill level 10 in Crossbows
 23874 | D:13     | Reached skill level 10 in Throwing
 23874 | D:13     | Reached skill level 10 in Armour
 23874 | D:13     | Reached skill level 10 in Unarmed Combat
 23874 | D:13     | Reached skill level 10 in Conjurations
 23874 | D:13     | Reached skill level 10 in Hexes
 23874 | D:13     | Reached skill level 10 in Charms
 23874 | D:13     | Reached skill level 10 in Summonings
 23874 | D:13     | Reached skill level 10 in Translocations
 23874 | D:13     | Reached skill level 10 in Transmutations
 23874 | D:13     | Reached skill level 10 in Fire Magic
 23874 | D:13     | Reached skill level 10 in Ice Magic
 23874 | D:13     | Reached skill level 10 in Air Magic
 23874 | D:13     | Reached skill level 10 in Earth Magic
 23874 | D:13     | Reached skill level 10 in Poison Magic
 23874 | D:13     | Reached skill level 10 in Invocations
 23874 | D:13     | Reached skill level 10 in Evocations
 23915 | D:13     | Received a gift from Okawaru
 24011 | D:13     | Noticed dricus's ghost (journeyman MfTm)
 24033 | D:13     | Killed dricus's ghost
 24268 | D:13     | Found a gate to the Vaults.
 24321 | D:14     | Received a gift from Okawaru
 24343 | D:14     | Found Junlobul's Weapon Boutique.
 24412 | D:14     | Learned a level 3 spell: Confuse
 24700 | D:14     | Reached skill level 13 in Spellcasting
 25082 | D:15     | Entered Level 15 of the Dungeon
 25092 | D:15     | Noticed Josephine
 25102 | D:15     | Killed Josephine
 25374 | D:15     | Reached XP level 16. HP: 125/137 MP: 33/33
 25654 | D:15     | Found a sacrificial altar of Ru.
 25914 | D:15     | Found a staircase to the Depths.
 26237 | Spider:1 | Entered Level 1 of the Spider Nest
 26261 | Spider:1 | Received a gift from Okawaru
 27190 | Spider:2 | Received a gift from Okawaru
 27223 | Spider:2 | Learned a level 6 spell: Freezing Cloud
 27375 | Spider:2 | Received a gift from Okawaru
 27600 | Spider:3 | Received a gift from Okawaru
 27738 | Spider:3 | Noticed Agnes
 27753 | Spider:3 | Killed Agnes
 27761 | Spider:3 | Reached skill level 14 in Spellcasting
 28518 | Spider:4 | Entered Level 4 of the Spider Nest
 28573 | Spider:4 | Reached XP level 17. HP: 97/146 MP: 35/35
 28800 | Spider:4 | Noticed haldagan's ghost (adept BaFi)
 28821 | Spider:4 | Killed haldagan's ghost
 28870 | Spider:4 | Received a gift from Okawaru
 29058 | Spider:4 | Lost mutation: Your flesh is cold resistant. (rC+) [potion of mutation]
 29058 | Spider:4 | Lost mutation: You are robust. (+10% HP) [potion of mutation]
 29058 | Spider:4 | Gained mutation: Potions are less effective at restoring your health. [potion of mutation]
 29058 | Spider:4 | Gained mutation: You are robust. (+10% HP) [potion of mutation]
 29058 | Spider:4 | Gained mutation: You are agile. (Dex +2) [potion of mutation]
 29058 | Spider:4 | Gained mutation: You are very agile. (Dex +4) [potion of mutation]
 29059 | Spider:4 | Lost mutation: You do not regenerate when monsters are visible. [potion of mutation]
 29059 | Spider:4 | Lost mutation: You are robust. (+10% HP) [potion of mutation]
 29059 | Spider:4 | Lost mutation: You are very agile. (Dex +4) [potion of mutation]
 29059 | Spider:4 | Gained mutation: Armour fits poorly on your strangely shaped body. [potion of mutation]
 29059 | Spider:4 | Gained mutation: Scrolls take you a little longer to read. [potion of mutation]
 29059 | Spider:4 | Gained mutation: Your natural rate of healing is unusually fast. [potion of mutation]
 29060 | Spider:4 | Lost mutation: You are agile. (Dex +2) [potion of mutation]
 29060 | Spider:4 | Lost mutation: Your natural rate of healing is unusually fast. [potion of mutation]
 29060 | Spider:4 | Lost mutation: Armour fits poorly on your strangely shaped body. [potion of mutation]
 29060 | Spider:4 | Gained mutation: You are agile. (Dex +2) [potion of mutation]
 29060 | Spider:4 | Gained mutation: Your flesh is heat resistant. (rF+) [potion of mutation]
 29060 | Spider:4 | Gained mutation: You have sharp toenails. [potion of mutation]
 29064 | Spider:4 | Gained mutation: You do not regenerate when monsters are visible. [mutagenic meat]
 29084 | Spider:4 | Gained mutation: You are partially covered in icy blue scales. (AC +2) [mutagenic meat]
 29168 | Spider:4 | Received a gift from Okawaru
 29262 | Spider:4 | Got a gossamer rune of Zot
 29283 | Spider:4 | Received a gift from Okawaru
 29551 | Shoals:1 | Entered Level 1 of the Shoals
 29676 | Shoals:1 | Learned a level 3 spell: Regeneration
 30278 | Shoals:2 | Received a gift from Okawaru
 30436 | Shoals:2 | Noticed Polyphemus
 30466 | Shoals:2 | Killed Polyphemus
 30471 | Shoals:2 | Was placed under penance by Okawaru
 30478 | Shoals:2 | Reached skill level 15 in Spellcasting
 30489 | Shoals:2 | Noticed a deep elf blademaster
 30643 | Shoals:3 | Was forgiven by Okawaru
 30737 | Shoals:2 | Reached XP level 18. HP: 125/141 MP: 37/37
 31063 | Shoals:2 | Killed a deep elf blademaster
 31147 | Shoals:3 | Received a gift from Okawaru
 31159 | Shoals:3 | Got a scorched hat {god gift}
 31177 | Shoals:3 | Identified the +2 hat of the Slug {rPois Regen+ MP+9} (Okawaru gifted it to you on level 3 of the Shoals)
 31583 | Shoals:4 | Entered Level 4 of the Shoals
 31726 | Shoals:4 | Noticed Ilsuiw
 31740 | Shoals:4 | Killed from afar by a merfolk aquamancer

Vault maps used:
D:1:      kennysheep_arrival_forest, minmay_misc_feat_pillars,
          kennysheep_minor_cross
D:2:      first_bread, makhleb_heckhound_becter, uniq_sigmund
D:3:      nicolae_gozag_zags_fifth_avenue, grunt_ministairs_13,
          okawaru_altar_gauntlet_db, uniq_crazy_yiuf_cottage
D:4:      kennysheep_mini_moat, uniq_natasha, uniq_robin, uniq_blork_the_orc
D:5:      lexackson_kobold_supper
D:6:      old_standard_altar, serial_bayou_ford_a,
          hangedman_abyss_or_decor_lesser_grid
D:7:      temple_fountains
D:8:      lemuel_round_altar, grunt_ogre_cave, minmay_misc_feat_four_crosses
D:9:      minmay_sliced_demisemicircle, lemuel_round_altar, lemuel_doored_altar,
          small_statue_intersection, grunt_dithmenos_smoke_and_mirrors,
          uniq_pikel, uniq_joseph
D:10:     hex_intersection, minmay_stone_trees_medium
D:11:     lair_entry_dummy, minmay_misc_feat_five, minmay_misc_feat_doors
D:12:     david_orc_5
D:13:     grunt_vaults_entry_fortified, kennysheep_generic_room_4
D:14:     serial_shops, nicolae_shop_trees, hangedman_glass_teeth, minivault_20,
          kennysheep_doodads
D:15:     gammafunk_enter_depths_forms, palyth_stone_intersect,
          nicolae_ru_path_of_blood, uniq_josephine
Lair:1:   basic_altar, serial_bayou_crossing, serial_bayou_shore_b
Lair:2:   minmay_shoals_entry_hut, minmay_lair_oklob_bushes, minivault_29
Lair:4:   spider_nest_entry_funnel_web
Lair:5:   gammafunk_lair_bear_cave, lemuel_fruit_tree, serial_bayou_shore_b
Lair:6:   evilmike_catoblepas_cave, slime_altar_1, basic_altar
Shoals:2: nicolae_shoals_wave_tunnel, uniq_polyphemus
Shoals:4: shoals_end_grunt_ice, shoals_ilsuiw_ice
Spider:3: uniq_agnes
Spider:4: grunt_spider_rune_parallel, spider_trap
Orc:1:    mines1_david
Orc:2:    st_orc_open, basic_altar

Skill      XL: |  1  2  3  4  5  6  7  8  9 10 11 12 13 14 15 16 17 18 |
---------------+-------------------------------------------------------+-----
Stealth        | 6 7 8 9 10 11 12 13 | 13.0
Short Blades   | 1 2 3 4 5 6 7 8 9 10 11 | 11.8
Long Blades    | 1 2 3 4 5 6 7 8 9 10 11 | 11.8
Axes           | 1 2 3 4 5 6 7 8 9 10 11 | 11.8
Maces & Flails | 1 2 3 4 5 6 7 8 9 10 11 | 11.8
Polearms       | 1 2 3 4 5 6 7 8 9 10 11 | 11.8
Staves         | 1 2 3 4 5 6 7 8 9 10 11 | 11.8
Slings         | 1 2 3 4 5 6 7 8 9 10 11 | 11.8
Bows           | 1 2 3 4 5 6 7 8 9 10 11 | 11.8
Crossbows      | 1 2 3 4 5 6 7 8 9 10 11 | 11.8
Throwing       | 1 2 3 4 5 6 7 8 9 10 11 | 11.8
Armour         | 1 2 3 4 5 6 7 8 9 10 11 | 11.8
Dodging        | 3 4 5 6 7 8 9 10 11 12 | 12.1
Shields        | 3 4 5 6 7 8 9 10 11 12 | 12.1
Unarmed Combat | 1 2 3 4 5 6 7 8 9 10 11 | 11.8
Spellcasting   | 3 4 5 6 7 9 10 12 13 14 15 | 15.2
Conjurations   | 1 2 3 4 5 6 7 8 9 10 11 | 11.8
Hexes          | 1 2 3 4 5 6 7 8 9 10 11 | 11.8
Charms         | 1 2 3 4 5 6 7 8 9 10 11 | 11.8
Summonings     | 1 2 3 4 5 6 7 8 9 10 11 | 11.8
Translocations | 1 2 3 4 5 6 7 8 9 10 11 | 11.8
Transmutations | 1 2 3 4 5 6 7 8 9 10 11 | 11.8
Fire Magic     | 1 2 3 4 5 6 7 8 9 10 11 | 11.8
Ice Magic      | 1 2 3 4 5 6 7 8 9 10 11 | 11.8
Air Magic      | 1 2 3 4 5 6 7 8 9 10 11 | 11.8
Earth Magic    | 1 2 3 4 5 6 7 8 9 10 11 | 11.8
Poison Magic   | 1 2 3 4 5 6 7 8 9 10 11 | 11.8
Invocations    | 1 2 3 4 5 6 7 8 9 10 11 | 11.8
Evocations     | 1 2 3 4 5 6 7 8 9 10 11 | 11.8
Fighting       | 5 6 7 8 9 10 11 12 | 12.6
Necromancy     | 5 6 7 8 9 10 11 12 | 12.6

Action                   |  1- 3 |  4- 6 |  7- 9 | 10-12 | 13-15 | 16-18 || total
-------------------------+-------+-------+-------+-------+-------+-------++-------
Melee: Dagger            |    60 |   134 |   252 |       |       |       ||   446
       Bite              |     7 |    13 |    68 |    90 |   176 |   187 ||   541
       Quarterstaff      |       |    11 |    35 |       |       |       ||    46
       Punch             |       |       |     2 |     4 |       |       ||     6
       Flail             |       |       |    41 |       |       |       ||    41
       Morningstar       |       |       |    94 |   139 |       |       ||   233
       Double sword      |       |       |       |   419 |   820 |   893 ||  2132
 Fire: Hunting sling     |       |       |       |    47 |       |       ||    47
Throw: Javelin           |       |       |       |     5 |    19 |    40 ||    64
       Tomahawk          |       |       |       |     3 |    28 |       ||    31
 Cast: Infusion          |     5 |     3 |     5 |     3 |       |       ||    16
       Spectral Weapon   |       |    16 |    15 |    14 |     3 |       ||    48
       Regeneration      |       |       |       |       |       |     1 ||     1
Invok: Heroism           |       |       |     1 |     5 |     9 |    13 ||    28
       Finesse           |       |       |       |       |     1 |     1 ||     2
Evoke: Fan of gales      |       |       |       |       |     1 |       ||     1
       Wand              |       |       |       |       |       |     1 ||     1
  Use: Scroll            |       |       |       |     9 |    20 |    16 ||    45
       Potion            |       |       |       |     2 |     4 |    13 ||    19
 Stab: Sleeping          |     9 |     8 |    12 |     7 |       |       ||    36
       Distracted        |       |     1 |     5 |     3 |    13 |    24 ||    46
       Invisible         |       |       |       |       |       |    12 ||    12
       Petrified         |       |       |       |       |       |     3 ||     3
  Eat: Chunk             |       |     6 |    13 |    17 |     8 |    11 ||    55
       Royal jelly       |       |     1 |       |     4 |     2 |     2 ||     9
       Meat ration       |       |       |     1 |     2 |     3 |     1 ||     7
       Fruit             |       |       |       |     2 |     5 |     5 ||    12
Armor: Robe              |    11 |    39 |    79 |       |       |       ||   129
       Ice dragon scales |       |       |    70 |   192 |       |       ||   262
       Plate armour      |       |       |       |   113 |   500 |   609 ||  1222
       Skin              |       |       |       |     6 |       |       ||     6
Dodge: Dodged            |    26 |   109 |   255 |   280 |   445 |   532 ||  1647
Block: Buckler           |       |       |       |    69 |   249 |       ||   318
       Shield            |       |       |       |       |   265 |  1058 ||  1323
       Reflection        |       |       |       |       |     8 |    46 ||    54
       Rpst.: Double sword |       |       |       |    46 |   111 |   101 ||   258

Table legend:
 A = Spawn XP
 B = Non-spawn XP
 C = Spawn XP percentage of total XP
 D = Spawn monster count
 E = Non-spawn monster count
 F = Spawn count percentage of total count
 G = Total turns spent on level
                    A         B        C        D         E        F      G
               +---------+---------+-------+---------+---------+-------+---------
         Total |       0 |  260169 |   0.0 |       0 |    1105 |   0.0 | 31740
               +---------+---------+-------+---------+---------+-------+---------
           D:1 |       0 |      55 |   0.0 |       0 |      25 |   0.0 |   831
           D:2 |       0 |     297 |   0.0 |       0 |      13 |   0.0 |   676
           D:3 |       0 |     197 |   0.0 |       0 |      37 |   0.0 |  1140
           D:4 |       0 |     505 |   0.0 |       0 |      36 |   0.0 |  1148
           D:5 |       0 |    1059 |   0.0 |       0 |      33 |   0.0 |   889
           D:6 |       0 |    1162 |   0.0 |       0 |      29 |   0.0 |  1289
           D:7 |       0 |    2222 |   0.0 |       0 |      33 |   0.0 |  1223
           D:8 |       0 |    1160 |   0.0 |       0 |      38 |   0.0 |  1726
           D:9 |       0 |    7412 |   0.0 |       0 |      28 |   0.0 |  2326
          D:10 |       0 |    2520 |   0.0 |       0 |      37 |   0.0 |   709
          D:11 |       0 |    4120 |   0.0 |       0 |      21 |   0.0 |  1164
          D:12 |       0 |    3339 |   0.0 |       0 |      44 |   0.0 |  1073
          D:13 |       0 |   18061 |   0.0 |       0 |      48 |   0.0 |   831
          D:14 |       0 |    7020 |   0.0 |       0 |      19 |   0.0 |   793
          D:15 |       0 |   15480 |   0.0 |       0 |      38 |   0.0 |   932
        Lair:1 |       0 |    4298 |   0.0 |       0 |      24 |   0.0 |   912
        Lair:2 |       0 |    9577 |   0.0 |       0 |      53 |   0.0 |  2335
        Lair:3 |       0 |    3857 |   0.0 |       0 |       9 |   0.0 |  1016
        Lair:4 |       0 |    3542 |   0.0 |       0 |      16 |   0.0 |  1343
        Lair:5 |       0 |   12037 |   0.0 |       0 |      39 |   0.0 |   905
        Lair:6 |       0 |   18290 |   0.0 |       0 |      56 |   0.0 |  1496
      Shoals:1 |       0 |   11172 |   0.0 |       0 |      27 |   0.0 |   712
      Shoals:2 |       0 |   16704 |   0.0 |       0 |      34 |   0.0 |   780
      Shoals:3 |       0 |   13963 |   0.0 |       0 |      29 |   0.0 |   540
      Shoals:4 |       0 |    2145 |   0.0 |       0 |       6 |   0.0 |   157
      Spider:1 |       0 |   13410 |   0.0 |       0 |      45 |   0.0 |   715
      Spider:2 |       0 |   10075 |   0.0 |       0 |      33 |   0.0 |   544
      Spider:3 |       0 |   16181 |   0.0 |       0 |      45 |   0.0 |   949
      Spider:4 |       0 |   36058 |   0.0 |       0 |      87 |   0.0 |   926
         Orc:1 |       0 |    5480 |   0.0 |       0 |      41 |   0.0 |   789
         Orc:2 |       0 |   18771 |   0.0 |       0 |      82 |   0.0 |   871
               +---------+---------+-------+---------+---------+-------+---------
